 Dungeon Crawl Stone Soup version 0.29.1-1-gd02db6906a (webtiles) character file.

Game seed: 10489004341312439965

1813 cattimeplz the Spear-Bearer (level 8, -12/63 HPs)
             Began as a Pale Draconian Fighter on Sept 19, 2022.
             Was a Follower of Okawaru.
             Mangled by an ogre
             ... wielding a +0 giant club
              (33 damage)
             ... on level 6 of the Dungeon.
             The game lasted 00:19:48 (5836 turns).

cattimeplz the Spear-Bearer (DrFi)                  Turns: 5836, Time: 00:19:49

Health: -12/63     AC:  6    Str: 22    XL:     8   Next: 84%
Magic:  8/8        EV: 11    Int:  8    God:    Okawaru [*.....]
Gold:   281        SH:  4    Dex: 10    Spells: 6/7 levels left

rFire   . . .      SeeInvis .   a - +1 trident
rCold   . . .      Faith    .   b - +0 buckler
rNeg    + . .      Spirit   .   (body armour unavailable)
rPois   +          Reflect  .   (helmet restricted)
rElec   .          Harm     .   (no cloak)
rCorr   .          Rampage  .   (no gloves)
Will    .....                   (no boots)
Stlth   +.........              f - amulet of regeneration
HPRegen 1.00/turn               r - ring of positive energy
MPRegen 0.11/turn               t - ring of poison resistance

@: studying Long Blades
A: breathe steam, AC +6, unfitting armour, cold-blooded, steam resistance
a: Breathe Steam, Renounce Religion, Heroism


You were on level 6 of the Dungeon.
You worshipped Okawaru.
Okawaru was aware of your devotion.
You visited 2 branches of the dungeon, and saw 7 of its levels.

You collected 281 gold pieces.

Inventory:

Hand Weapons
 a - a +1 trident (weapon)
Armour
 b - a +0 buckler (worn)
Jewellery
 f - an amulet of regeneration (around neck)
 r - a ring of positive energy (left hand)
 s - an amulet of faith
 t - a ring of poison resistance (right hand)
Wands
 w - a wand of polymorph (11) (quivered)
 x - a wand of charming (1)
Scrolls
 e - 3 scrolls of immolation
 h - 4 scrolls of teleportation
 v - a scroll of enchant weapon
 y - a scroll of blinking {unknown}
Potions
 c - 2 potions of might
 d - 2 potions of magic {unknown}
 g - a potion of flight {unknown}
 i - a potion of brilliance
 j - 2 potions of haste {unknown}
 k - 3 potions of mutation {unknown}
 l - 2 potions of degeneration {unknown}
 m - a potion of curing {unknown}
 n - 2 potions of cancellation {unknown}
 o - a potion of resistance
 p - 2 potions of lignification
 q - a potion of ambrosia {unknown}
 u - a potion of attraction {unknown}


   Skills:
 - Level 3.2 Fighting
 + Level 11.6 Polearms
 - Level 2.6 Dodging
 - Level 3.0 Shields


You had 6 spell levels left.
You knew the following spells:

 Your Spells              Type           Power      Damage    Failure   Level
a - Sandblast             Erth           0%         2d4       50%         1

Your spell library contained the following spells:

 Spells                   Type           Power      Damage    Failure   Level
 Shock                    Conj/Air       0%         1d3       50%         1
 Passwall                 Tmut/Erth      0%         N/A       65%         2
 Stone Arrow              Conj/Erth      0%         3d7       86%         3
 Swiftness                Air            0%         N/A       86%         3
 Airstrike                Air            0%         2d(0-16)  99%         4
 Anguish                  Hex/Necr       0%         N/A       99%         4
 Fulminant Prism          Conj/Hex       0%         3d6       99%         4
 Iskenderun's Mystic Bla  Conj/Tloc      0%         2d3       99%         4
 Lee's Rapid Deconstruct  Erth           0%         3d5*      100%        5
 Enfeeble                 Hex            0%         N/A       100%        7


Dungeon Overview and Level Annotations

Branches:
Dungeon (6/15)             Temple (1/1) D:5

Altars:
Ashenzari
Cheibriados
Elyvilon
Fedhas
Gozag
Hepliaklqana
Kikubaaqudgha
Makhleb
Nemelex Xobeh
Okawaru
Qazlal
Ru
Sif Muna
Trog
Uskayaw
Vehumet
Wu Jian
Xom
Yredelemnul
Zin
The Shining One


Innate Abilities, Weirdness & Mutations

You can breathe blasts of scalding, opaque steam.
Your pale cyan-grey scales are hard. (AC +6)
You cannot fit into any form of body armour.
You are cold-blooded and may be slowed by cold attacks.
You are immune to the effects of steam.


Message History

A jelly and an ogre come into view.
The ogre shouts!
The jelly quivers.
You hear an angry hiss.
An adder comes into view.
You puncture the jelly!
Your hands burn!
You tail-slap the jelly.
The jelly is almost dead.
The jelly hits you but does no damage.
You barely miss the jelly.
The jelly is almost dead.
The jelly hits you but does no damage.
You hit the jelly.
You kill the jelly!
Okawaru accepts your kill.
You reach to attack!
You barely miss the ogre. The ogre attacks as you move away!
You block the ogre's attack.
Unknown command.
You reach to attack!
You puncture the ogre!
The ogre is moderately wounded.
You hit the ogre.
The ogre is moderately wounded.
The ogre hits you with a +0 giant club!!
You completely miss the ogre. You tail-slap the ogre.
The ogre is heavily wounded.
You puncture the ogre!
The ogre is severely wounded.
The ogre hits you with a +0 giant club!
You are too injured to fight recklessly!
You are too injured to fight recklessly!
The ogre attacks as you move away! The ogre barely misses you.
The ogre attacks as you move away!
The ogre hits you with a +0 giant club!!
* * * LOW HITPOINT WARNING * * *
You are too injured to fight recklessly!
You are too injured to fight recklessly!
The ogre barely misses you. The ogre attacks as you move away!
The ogre hits you with a +0 giant club!!
Ouch! That really hurt!
You die...

..≈.≈≈≈≈≈≈≈.....#
.............#
......###.#### ##
..#######.# .# ###.
#......# ..###...
#......# #.##..##
#......#######.#..###
#....O......##.......
#..>@..####.##.##.###
#.####.#.#
#....#.....
#........#
#)......###
#####..### ###....##
#..# ##...# #<.#
####...# ##..##
#......# #....#
#......## ##.#..#
#.......##


You could see an ogre.

Vanquished Creatures
  A hornet (D:6)
  A water moccasin (D:6)
  Duvessa (D:5)
  2 black bears
  An ice beast (D:5)
  2 phantoms (D:4)
  3 scorpions
  A necrophage (D:6)
  Dowan (D:5)
  2 howler monkeys
  3 jellies
  A hound (D:5)
  2 orc priests
  4 iguanas
  A gnoll bouda (D:5)
  Natasha (twice) (D:3)
  An orc wizard (D:6)
  3 gnolls (D:5)
  9 adders
  A white imp (D:5)
  4 worms
  6 dart slugs
  12 orcs
  12 ball pythons
  2 bats (D:2)
  8 endoplasms
  2 giant cockroaches
  9 goblins
  7 hobgoblins
  5 jackals
  9 kobolds
  4 quokkas
  2 frilled lizards
  3 rats
127 creatures vanquished.

Notes
Turn   | Place    | Note
-------+----------+-------------------------------------------
     0 | D:1      | cattimeplz the Draconian Fighter began the quest for the
                  | Orb.
     0 | D:1      | Reached XP level 1. HP: 19/19 MP: 1/1
   317 | D:1      | Reached XP level 2. HP: 26/26 MP: 2/2
   413 | D:1      | Found a faded altar of an unknown god.
   425 | D:1      | Reached skill level 3 in Polearms
   759 | D:1      | Reached XP level 3. HP: 31/31 MP: 3/3
  1218 | D:2      | Reached skill level 4 in Polearms
  1989 | D:3      | Reached XP level 4. HP: 30/38 MP: 4/4
  2170 | D:3      | Noticed Natasha
  2204 | D:3      | Killed Natasha
  2214 | D:3      | Noticed Natasha
  2361 | D:3      | Reached skill level 5 in Polearms
  2441 | D:3      | Found a basalt altar of Yredelemnul.
  2442 | D:3      | Found a sacrificial altar of Ru.
  2604 | D:3      | Killed Natasha
  2605 | D:3      | Reached XP level 5. HP: 45/45 MP: 5/5
  2997 | D:3      | Reached skill level 6 in Polearms
  3406 | D:4      | Reached XP level 6. HP: 31/51 MP: 6/6
  3657 | D:4      | Reached skill level 7 in Polearms
  4034 | D:4      | Your scales start taking on a pale cyan-grey colour.
  4034 | D:4      | Reached XP level 7. HP: 54/57 MP: 7/7
  4034 | D:4      | Gained mutation: You are immune to the effects of steam.
                  | [Pale Draconian growth]
  4040 | D:4      | Reached skill level 8 in Polearms
  4231 | D:5      | Entered Level 5 of the Dungeon
  4431 | D:5      | Reached skill level 9 in Polearms
  4483 | D:5      | Noticed Dowan
  4484 | D:5      | Noticed Duvessa
  4499 | D:5      | Killed Dowan
  4518 | D:5      | HP: 3/85 [Duvessa/+0 short sword (14)]
  4521 | D:5      | Killed Duvessa
  4606 | D:5      | Found a staircase to the Ecumenical Temple.
  4631 | D:5      | Reached XP level 8. HP: 63/63 MP: 8/8
  5061 | D:5      | Learned a level 1 spell: Sandblast
  5169 | D:5      | Reached skill level 10 in Polearms
  5310 | Temple   | Entered the Ecumenical Temple
  5469 | Temple   | Became a worshipper of Warmaster Okawaru
  5696 | D:6      | Noticed a hornet
  5703 | D:6      | Paralysed by a hornet for 1 turns
  5707 | D:6      | HP: 3/63 [hornet (12)]
  5716 | D:6      | Killed a hornet
  5716 | D:6      | Reached * piety under Okawaru
  5717 | D:6      | Reached skill level 11 in Polearms
  5813 | D:6      | Found a snail-covered altar of Cheibriados.
  5836 | D:6      | Mangled by an ogre

Illustrated notes

Levels and vault maps discovered:
D:1:      spicycebolla_arrival_xxxplode, layout_loops_cross,
          nicolae_ecumenical_snake_handling
D:2:      layout_rooms
D:3:      kennysheep_the_goblin_king, layout_basic,
          chequers_temple_overflow_statue_of_worship, serial_curves,
          eino_curves_03, eino_curves_03, serial_park_tiny_2, uniq_natasha
D:4:      layout_basic
D:5:      layout_loops_corners, minmay_temple_entry_poolview,
          amcnicky_mini_rare_corridor_liquid, grunt_tough_drop, uniq_duvessa
D:6:      minmay_octagon_keep, layout_rooms,
          mainiacjoe_overflow_concentric_impassable, ebering_ghost_gozag
Temple:   hc_temple_tempest_star

Skill      XL: |  1  2  3  4  5  6  7  8 |
---------------+-------------------------+-----
Polearms       | 3 4 5 6 7 9 11 | 11.6
Fighting       | |  3.2
Dodging        | |  2.6
Shields        | |  3.0

Action                   |  1- 3 |  4- 6 |  7- 9 || total
-------------------------+-------+-------+-------++-------
Melee: Trident           |   112 |   169 |   212 ||   493
       Tailslap          |    10 |    17 |    26 ||    53
  Use: Scroll            |     6 |     1 |       ||     7
       Potion            |       |     2 |     5 ||     7
 Stab: Sleeping          |     5 |     2 |       ||     7
Armor: Skin              |    13 |    37 |    52 ||   102
Dodge: Dodged            |    34 |    54 |    67 ||   155
Block: Buckler           |    17 |    24 |    25 ||    66
